 Dungeon Crawl Stone Soup version 0.22-a0-231-g1b571ea (webtiles) character file.

7 wolfsongas the Bolt Thrower (level 2, 0/19 HPs)
             Began as a Gnoll Wanderer on Feb 21, 2018.
             Slain by a jackal (2 damage)
             ... on level 1 of the Dungeon.
             The game lasted 00:00:13 (68 turns).

wolfsongas the Bolt Thrower (Gnoll Wanderer)          Turns: 68, Time: 00:00:14

Health: 0/19       AC:  2    Str: 15    XL:     2   Next: 0%
Magic:  5/5        EV: 11    Int: 13    God:
Gold:   0          SH:  0    Dex: 14    Spells: 6/6 levels left

rFire    . . .     SeeInvis .   d - +0 club
rCold    . . .     Gourm    .   (no shield)
rNeg     . . .     Faith    .   c - +0 robe
rPois    .         Spirit   .   (no helmet)
rElec    .         Reflect  .   (no cloak)
rCorr    .         Harm     .   (no gloves)
MR       .....                  (no boots)
Stlth    ++........             (no amulet)
HPRegen  0.06/turn              (no ring)
MPRegen  0.09/turn              (no ring)

@: no status effects
A: distributed training, fangs 1, strong nose
a: no special abilities


You were on level 1 of the Dungeon.
You were not hungry.

You visited 1 branch of the dungeon, and saw 1 of its levels.

Inventory:

Hand Weapons
 d - a +0 club (weapon)
Armour
 c - a +0 robe (worn)
Comestibles
 a - a ration
 b - 4 chunks of flesh


   Skills:
 + Level 0.2 Fighting
 + Level 0.2 Short Blades
 + Level 0.2 Long Blades
 + Level 0.2 Axes
 + Level 0.2 Maces & Flails
 + Level 0.2 Polearms
 + Level 0.2 Staves
 + Level 0.2 Slings
 + Level 0.2 Bows
 + Level 6.4 Crossbows
 + Level 2.4 Throwing
 + Level 0.2 Armour
 + Level 0.2 Dodging
 + Level 2.2 Stealth
 + Level 0.2 Shields
 + Level 0.2 Unarmed Combat
 + Level 2.6 Spellcasting
 + Level 0.1 Conjurations
 + Level 0.1 Hexes
 + Level 0.1 Charms
 + Level 2.0 Summonings
 + Level 0.1 Necromancy
 + Level 5.3 Translocations
 + Level 0.1 Transmutations
 + Level 0.1 Fire Magic
 + Level 0.1 Ice Magic
 + Level 0.1 Air Magic
 + Level 0.1 Earth Magic
 + Level 0.1 Poison Magic
 + Level 0.3 Invocations
 + Level 0.2 Evocations


You had 6 spell levels left.
You didn't know any spells.

Dungeon Overview and Level Annotations

Branches:
Dungeon (1/15)

Altars:


Innate Abilities, Weirdness & Mutations

Your experience applies equally to all skills.
You have very sharp teeth.
Your uncanny sense of smell can sniff out nearby items.


Message History

The jackal bites you.
You hit the jackal but do no damage. You bite the jackal, but do no damage.
The jackal is almost dead.
The jackal barely misses you. The jackal bites you.
* * * LOW HITPOINT WARNING * * *
You hit the jackal.
You kill the jackal!
Your Summonings skill increases to level 2!
The jackal bites you but does no damage.
You hit the jackal.
The jackal is lightly wounded.
The jackal bites you but does no damage.
You hit the jackal.
You kill the jackal!
You have reached level 2!
The jackal closely misses you.
You closely miss the jackal. The jackal bites you.
* * * LOW HITPOINT WARNING * * *
The jackal bites you.
You die...

#.# ###
#.##∆ ..# #
#..# #.# ##
#..# #.# ≈#
#..#... #.#
≈# #..#..#
#h#
≈###..#..#
#@#
≈.##..#..#
#.#
......#..#
#.#
≈...).#..#
#.#
≈.....#..#
#.#
≈.#.###..###
#.#
≈.#......#..
#.#
≈....###.#.#
#.#
≈###.###.#.#
#.#


You could see a jackal.

Vanquished Creatures
  A hobgoblin (D:1)
  3 jackals (D:1)
  A kobold (D:1)
5 creatures vanquished.

Notes
Turn   | Place    | Note
-------+----------+-------------------------------------------
     0 | D:1      | wolfsongas the Gnoll Wanderer began the quest for the Orb.
     0 | D:1      | wolfsongas set off with: a ration, a +0 robe, a +0 club
     0 | D:1      | Reached XP level 1. HP: 13/13 MP: 4/4
    67 | D:1      | Reached XP level 2. HP: 5/19 MP: 5/5
    68 | D:1      | Slain by a jackal

Vault maps used:
D:1:      nzn_arrival_water_spiral

Skill      XL: |  1 |
---------------+----+-----
Summonings     | 2 |  2.0
Fighting       | |  0.2
Short Blades   | |  0.2
Long Blades    | |  0.2
Axes           | |  0.2
Maces & Flails | |  0.2
Polearms       | |  0.2
Staves         | |  0.2
Slings         | |  0.2
Bows           | |  0.2
Crossbows      | |  6.4
Throwing       | |  2.4
Armour         | |  0.2
Dodging        | |  0.2
Stealth        | |  2.2
Shields        | |  0.2
Unarmed Combat | |  0.2
Spellcasting   | |  2.6
Conjurations   | |  0.1
Hexes          | |  0.1
Charms         | |  0.1
Necromancy     | |  0.1
Translocations | |  5.3
Transmutations | |  0.1
Fire Magic     | |  0.1
Ice Magic      | |  0.1
Air Magic      | |  0.1
Earth Magic    | |  0.1
Poison Magic   | |  0.1
Invocations    | |  0.3
Evocations     | |  0.2

Action                   || total
-------------------------++-------
Melee: Club              ||    23
       Bite              ||     2
 Stab: Sleeping          ||     1
Armor: Robe              ||     6
Dodge: Dodged            ||    12

Table legend:
 A = Spawn XP
 B = Non-spawn XP
 C = Spawn XP percentage of total XP
 D = Spawn monster count
 E = Non-spawn monster count
 F = Spawn count percentage of total count
 G = Total turns spent on level
                    A         B        C        D         E        F      G
               +---------+---------+-------+---------+---------+-------+---------
         Total |       0 |      10 |   0.0 |       0 |       5 |   0.0 |    68
               +---------+---------+-------+---------+---------+-------+---------
           D:1 |       0 |      10 |   0.0 |       0 |       5 |   0.0 |    68
               +---------+---------+-------+---------+---------+-------+---------
